[ AOE2 MATCH · #505111626 ]
UnrankedSicilians vs Britons
Player's team · LOSS
Rival team · WIN
[ REPLAY ANALYSIS · EXTRACTED FROM THE RECORDED GAME ]
Feudal
—
Castle
—
Imperial
—
| APM avg | 37.7 |
| APM peak | 63 |
| eAPM avg | 20.7 |
| Villagers / military | 57 / 0 |
Focus
⚔️ 27.7% · 🌾 72.3%
Feudal
9:48
Castle
—
Imperial
—
| APM avg | 34.2 |
| APM peak | 85 |
| eAPM avg | 18.0 |
| Villagers / military | 54 / 0 |
Focus
⚔️ 26.3% · 🌾 73.7%
Match map
Initial resources + every placement click. Lines = walls · curves = elevation contours. ◆ gold · ⬟ stone · ● berries · ✦ relic · ◌ wall gap
Your base· ✓ Closed at 12:00 · 0t walls · 3 gate(s)
Jellybeans's base· ✓ Closed at 12:00 · 0t walls · 2 gate(s)
Smoothed initial terrain · ◌ = detected wall gap · hover for details
Inputs per minute
— Liberty - - Jellybeans
Build order — Liberty
76 actions detected in the replay
| 0:01 | Queue | Villager (Male) ×4 |
| 0:03 | Build | House |
| 0:05 | Build | House |
| 1:33 | Queue | Villager (Male) |
| 1:33 | Queue | Villager (Male) |
| 2:04 | Queue | Villager (Male) |
| 2:30 | Queue | Villager (Male) |
| 2:44 | Build | Lumber Camp |
| 2:48 | Build | House |
| 2:49 | Build | House |
| 2:56 | Queue | Villager (Male) |
| 3:26 | Queue | Villager (Male) |
| 3:27 | Queue | Villager (Male) |
| 3:27 | Queue | Villager (Male) |
| 3:34 | Queue | Villager (Male) |
| 4:04 | Queue | Villager (Male) |
| 4:24 | Queue | Villager (Male) |
| 4:24 | Queue | Villager (Male) |
| 5:03 | Research | Loom |
| 5:07 | Queue | Villager (Male) |
| 5:15 | Research | Loom |
| 5:41 | Queue | Villager (Male) |
| 5:41 | Queue | Villager (Male) |
| 5:41 | Queue | Villager (Male) |
| 5:41 | Queue | Villager (Male) |
| 5:42 | Queue | Villager (Male) |
| 5:42 | Queue | Villager (Male) |
| 7:56 | Build | Town Center |
| 8:20 | Queue | Villager (Male) |
| 8:26 | Queue | Villager (Male) |
| 8:41 | Build | Mill |
| 9:26 | Queue | Villager (Male) |
| 9:27 | Queue | Villager (Male) |
| 10:44 | Queue | Villager (Male) |
| 11:23 | Build | Town Center |
| 11:53 | Queue | Villager (Male) |
| 11:57 | Queue | Villager (Male) |
| 12:53 | Queue | Villager (Male) |
| 12:57 | Build | House |
| 13:18 | Queue | Villager (Male) |
| 13:31 | Build | House |
| 14:12 | Queue | Villager (Male) |
| 14:12 | Queue | Villager (Male) |
| 14:33 | Queue | Villager (Male) |
| 15:08 | Queue | Villager (Male) |
| 15:08 | Queue | Villager (Male) |
| 15:57 | Queue | Villager (Male) |
| 16:34 | Queue | Villager (Male) |
| 16:55 | Queue | Villager (Male) |
| 17:50 | Queue | Villager (Male) |
| 18:26 | Build | Town Center |
| 18:35 | Build | Town Center |
| 19:05 | Queue | Villager (Male) |
| 19:22 | Build | Lumber Camp |
| 19:24 | Queue | Villager (Male) |
| 19:44 | Queue | Villager (Male) |
| 20:15 | Build | House |
| 20:18 | Build | House |
| 20:28 | Build | House |
| 20:29 | Queue | Villager (Male) |
| 21:39 | Build | Town Center |
| 21:56 | Build | Palisade Wall |
| 22:22 | Queue | Villager (Male) |
| 22:49 | Queue | Villager (Male) |
| 22:49 | Queue | Villager (Male) |
| 22:50 | Queue | Villager (Male) |
| 22:50 | Queue | Villager (Male) |
| 22:50 | Queue | Villager (Male) |
| 22:50 | Queue | Villager (Male) |
| 25:18 | Queue | Villager (Male) |
| 25:18 | Queue | Villager (Male) |
| 25:40 | Build | Town Center |
| 26:28 | Build | Lumber Camp |
| 26:39 | Queue | Villager (Male) |
| 26:39 | Queue | Villager (Male) |
| 26:39 | Queue | Villager (Male) |
Build order — Jellybeans
89 actions detected in the replay
| 0:00 | Queue | Villager (Male) |
| 0:00 | Queue | Villager (Male) |
| 0:01 | Queue | Villager (Male) |
| 0:01 | Queue | Villager (Male) |
| 0:02 | Build | House |
| 0:04 | Build | House |
| 1:19 | Queue | Villager (Male) |
| 1:19 | Queue | Villager (Male) |
| 1:37 | Queue | Villager (Male) |
| 1:37 | Queue | Villager (Male) |
| 1:48 | Build | Lumber Camp |
| 2:03 | Queue | Villager (Male) |
| 2:03 | Queue | Villager (Male) |
| 2:26 | Queue | Villager (Male) |
| 2:27 | Queue | Villager (Male) |
| 2:28 | Queue | Villager (Male) |
| 2:28 | Queue | Villager (Male) |
| 3:26 | Build | House |
| 3:35 | Queue | Villager (Male) |
| 3:35 | Queue | Villager (Male) |
| 4:12 | Build | Mill |
| 4:18 | Queue | Villager (Male) |
| 4:18 | Queue | Villager (Male) |
| 4:18 | Queue | Villager (Male) |
| 4:18 | Queue | Villager (Male) |
| 4:29 | Queue | Villager (Male) |
| 4:30 | Queue | Villager (Male) |
| 4:40 | Queue | Villager (Male) |
| 4:41 | Queue | Villager (Male) |
| 5:03 | Queue | Villager (Male) |
| 5:03 | Queue | Villager (Male) |
| 6:02 | Build | House |
| 6:45 | Queue | Villager (Male) |
| 6:46 | Queue | Villager (Male) |
| 7:01 | Build | Mining Camp |
| 7:27 | Research | Feudal Age |
| 7:27 | Research | Feudal Age |
| 7:45 | Queue | Villager (Male) |
| 7:45 | Queue | Villager (Male) |
| 8:00 | Queue | Villager (Male) |
| 8:00 | Queue | Villager (Male) |
| 8:01 | Queue | Villager (Male) |
| 8:31 | Build | House |
| 8:33 | Build | House |
| 8:50 | Build | House |
| 8:53 | Queue | Villager (Male) |
| 8:54 | Queue | Villager (Male) |
| 8:54 | Queue | Villager (Male) |
| 9:00 | Queue | Villager (Male) |
| 9:01 | Queue | Villager (Male) |
| 9:13 | Build | House |
| 9:48 | Age | Feudal Age |
| 9:59 | Build | Watch Tower |
| 10:34 | Queue | Villager (Male) |
| 10:34 | Queue | Villager (Male) |
| 10:34 | Queue | Villager (Male) |
| 10:34 | Queue | Villager (Male) |
| 10:58 | Queue | Villager (Male) |
| 10:58 | Queue | Villager (Male) |
| 10:58 | Queue | Villager (Male) |
| 10:59 | Queue | Villager (Male) |
| 10:59 | Queue | Villager (Male) |
| 11:09 | Research | Loom |
| 12:19 | Build | Watch Tower |
| 12:23 | Queue | Villager (Male) |
| 12:24 | Queue | Villager (Male) |
| 12:52 | Build | Lumber Camp |
| 15:54 | Queue | Villager (Male) |
| 15:55 | Queue | Villager (Male) |
| 15:55 | Queue | Villager (Male) |
| 15:55 | Queue | Villager (Male) |
| 15:55 | Queue | Villager (Male) |
| 18:11 | Build | House |
| 18:15 | Build | House |
| 18:25 | Build | House |
| 18:29 | Build | House |
| 19:15 | Build | Lumber Camp |
| 19:58 | Build | Farm |
| 20:00 | Build | Farm |
| 20:26 | Build | Palisade Wall |
| 20:35 | Build | Watch Tower |
| 20:45 | Build | House |
| 20:49 | Build | House |
| 21:04 | Build | Blacksmith |
| 21:38 | Build | House |
| 22:14 | Build | Lumber Camp |
| 23:44 | Build | Watch Tower |
| 25:52 | Build | Barracks |
| 26:03 | Build | Mining Camp |
Match timeline
| 9:48 | Jellybeans · age_up feudal |
| 20:26 | Jellybeans · wall_segment Palisade Wall x1 |
| 21:56 | Liberty · wall_segment Palisade Wall x9 |
| 25:52 | Jellybeans · first_building Barracks |
| 26:53 | Liberty · resign |
[ AI ANALYSIS · 1 CREDIT ]
What really happened in this match?
Wolo.gg analyzes every decision: build order, eco, micro, common mistakes by bracket. Personalized analysis on WhatsApp or Discord in 30 seconds.
Civ guide
Sicilians
Perfil
Jugador #6175977